 Dungeon Crawl Stone Soup version 0.29.1-1-gd02db69 (webtiles) character file.

Game seed: 3671970995247478487

7872 Dorkslayer the Cleaver (level 11, -18/95 HPs)
             Began as a Hill Orc Fighter on Oct 18, 2022.
             Was an Initiate of Gozag.
             Demolished by a wyvern (19 damage)
             ... on level 10 of the Dungeon.
             The game lasted 00:27:37 (10759 turns).

Dorkslayer the Cleaver (Hill Orc Fighter)          Turns: 10759, Time: 00:27:39

Health: -18/95     AC: 18    Str: 22    XL:     11   Next: 22%
Magic:  11/11      EV:  8    Int:  8    God:    Gozag
Gold:   589        SH:  6    Dex: 12    Spells: 10/10 levels left

rFire   . . .      SeeInvis .   D - +0 broad axe (chaos)
rCold   . . .      Faith    .   c - +1 buckler
rNeg    . . .      Spirit   .   I - +0 chain mail {Will+}
rPois   .          Reflect  .   o - +0 helmet
rElec   .          Harm     .   x - +2 cloak
rCorr   .          Rampage  .   n - +0 pair of gloves
Will    ++...                   y - +0 pair of boots
Stlth   ..........              q - amulet of the acrobat
HPRegen 0.25/turn               B - ring of willpower
MPRegen 0.12/turn               (no ring)

@: no status effects
A: no striking features
a: Renounce Religion, Potion Petition, Call Merchant, Bribe Branch


You were on level 10 of the Dungeon.
You worshipped Gozag.
Gozag was pleased with you.
You visited 2 branches of the dungeon, and saw 11 of its levels.

You collected 1501 gold pieces.
You spent 792 gold pieces at shops.
You paid 120 gold pieces to Gozag.

Inventory:

Hand Weapons
 a - a +0 war axe
 w - a +4 flail of protection
 D - a +0 broad axe of chaos (weapon)
Missiles
 k - 7 boomerangs (quivered)
 r - 2 silver boomerangs
 G - a throwing net
Armour
 c - a +1 buckler (worn)
 n - a +0 pair of gloves (worn)
 o - a +0 helmet (worn)
 x - a +2 cloak (worn)
 y - a +0 pair of boots (worn)
 I - a +0 chain mail of willpower (worn)
Jewellery
 q - an amulet of the acrobat (around neck)
 B - a ring of willpower (left hand)
Wands
 u - a wand of flame (13)
 z - a wand of acid (4)
 C - a wand of digging (9)
 F - a wand of polymorph (2)
Scrolls
 e - 2 scrolls of enchant armour
 f - 2 scrolls of identify
 h - a scroll of poison
 l - a scroll of torment
 m - a scroll of blinking
 s - 3 scrolls of butterflies
 H - 3 scrolls of enchant weapon
 J - 2 scrolls of immolation
 K - a scroll of magic mapping
Potions
 b - a potion of berserk rage
 d - a potion of might
 g - 4 potions of curing
 i - a potion of brilliance
 j - 4 potions of flight
 p - a potion of heal wounds
 t - a potion of haste
 v - 2 potions of cancellation
 E - a potion of invisibility


   Skills:
 * Level 8.6 Fighting
 + Level 10.5(12.0) Axes
 + Level 7.6(9.5) Maces & Flails
 + Level 5.1 Throwing
 + Level 7.5 Armour
 + Level 1.6 Dodging
 + Level 1.4 Stealth
 + Level 6.5 Shields
 * Level 5.2 Evocations


You had 10 spell levels left.
You didn't know any spells.
Your spell library contained the following spells:

 Spells                   Type           Power      Damage    Failure   Level
 Magic Dart               Conj           0%         1d3       98%         1
 Necrotise                Necr           0%         1d4       98%         1
 Call Imp                 Summ           0%         N/A       99%         2
 Ensorcelled Hibernation  Hex/Ice        0%         N/A       99%         2
 Scorch                   Fire           0%         2d5       99%         2
 Mephitic Cloud           Conj/Pois/Air  0%         N/A       100%        3
 Spider Form              Tmut/Pois      0%         N/A       100%        3
 Vampiric Draining        Necr           0%         2d6       100%        3
 Anguish                  Hex/Necr       0%         N/A       100%        4
 Flame Wave               Conj/Fire      0%         2d4       100%        4
 Agony                    Necr           0%         N/A       100%        5
 Summon Cactus Giant      Summ           0%         N/A       100%        6


Dungeon Overview and Level Annotations

Branches:
Dungeon (10/15)            Temple (1/1) D:4            Lair (0/5) D:8
    Orc (0/2) D:10

Altars:
Dithmenos
Gozag
Nemelex Xobeh
Qazlal
Sif Muna
Trog
Uskayaw
Vehumet
Wu Jian
Zin
The Shining One

Shops:
D:8 ?   D:10 !

Portals:
Bailey: D:10


Message History

You feel a bit more experienced.
You slash the steam dragon!
You kill the steam dragon!
You now have 589 gold pieces (gained 10).
Items here: )) [[.
Found an escape hatch in the ceiling.
You open the door.
A wyvern comes into view.
The wyvern hisses angrily.
Found three spears and a halberd.
Found a flagged portal.
Found a potion of invisibility.
There is an open door here.
Found a potion of curing.
You block the wyvern's attack.
You slash the wyvern! You freeze the wyvern.
The wyvern is heavily wounded.
The wyvern bites you. The wyvern closely misses you.
You hit the wyvern but do no damage.
The wyvern goes berserk!
The wyvern is heavily wounded.
The wyvern closely misses you. x2
You closely miss the wyvern.
The wyvern is heavily wounded.
The wyvern bites you but does no damage.
The wyvern bites you!
You slash the wyvern!
The wyvern looks as sick as possible!
The wyvern is almost dead.
The wyvern bites you!!
* * * LOW HITPOINT WARNING * * *
The wyvern bites you!!
* * * LOW HITPOINT WARNING * * *
The wyvern bites you.
* * * LOW HITPOINT WARNING * * *
You feel much better. The wyvern bites you!
* * * LOW HITPOINT WARNING * * *
The wyvern barely misses you.
You barely miss the wyvern.
The wyvern is almost dead.
The wyvern bites you!!
* * * LOW HITPOINT WARNING * * *
The wyvern bites you!!
You die...
Your body crumbles into a pile of gold.

*>+,,,,,,,,* *,,,,
#.#...!..,,* *,,,,
#.#.....,,,********,,,,
#.......,,,**,,,,,,,,,,
#...)...,,,,,,,,,,,,,,,
#..)∩).#*****,****,,,,,
#.!.)..# *,* *,,,,,
#.....l# *,****,,,,,
*,*#..@# *,,,,,,,**,
*,*###'############,**,
*,*#..............#,**,
*,*#...........)..#,**+
*,*#..............#,,,,
*,*#...........$..#,,,,
**.............)...#,,,,
*<...##....>..###.##,,,.
*....+.##.....# #.#*,,..


You could see a wyvern (berserk, extremely poisoned).

Vanquished Creatures
  Erolcha (D:9)
  A boulder beetle (D:9)
  A cyclops (D:9)
  Psyche (D:8)
  A shadow (D:7)
  10 yaks
  5 steam dragons
  Edmund (D:5)
  A water moccasin (D:7)
  Duvessa (D:6)
  2 black bears
  A sky beast (D:6)
  2 ogres
  A centaur (D:7)
  A kobold brigand (D:9)
  4 bullfrogs
  2 necrophages
  10 scorpions
  7 wights
  Dowan (D:6)
  3 killer bees
  A quasit (D:7)
  Crazy Yiuf (D:5)
  5 orc priests
  6 gnoll boudas
  2 hounds (D:5)
  5 jellies
  3 iguanas
  9 orc wizards
  Robin (D:3)
  8 adders
  25 gnolls
  2 shadow imps (D:7)
  2 white imps
  3 ufetubi (D:7)
  5 dart slugs
  24 orcs
  12 bats
  7 endoplasms
  A giant cockroach (D:1)
  17 goblins
  3 hobgoblins
  3 jackals (D:2)
  6 kobolds
  8 ball pythons
  4 frilled lizards
  6 rats
226 creatures vanquished.

Vanquished Creatures (others)
  A demonic plant (D:7)
  5 fungi (D:4)
6 creatures vanquished.

Grand Total: 232 creatures vanquished

Notes
Turn   | Place    | Note
-------+----------+-------------------------------------------
     0 | D:1      | Dorkslayer the Hill Orc Fighter began the quest for the
                  | Orb.
     0 | D:1      | Reached XP level 1. HP: 19/19 MP: 1/1
   219 | D:1      | Reached XP level 2. HP: 27/27 MP: 2/2
   308 | D:1      | Reached skill level 3 in Axes
   360 | D:1      | Found a faded altar of an unknown god.
   859 | D:2      | Reached XP level 3. HP: 28/33 MP: 3/3
  1386 | D:3      | You fall into a shaft and drop 3 floors!
  1403 | D:5      | Entered Level 5 of the Dungeon
  1466 | D:3      | Found a shadowy altar of Dithmenos.
  1566 | D:3      | Noticed Robin
  1574 | D:3      | Reached XP level 4. HP: 38/41 MP: 4/4
  1578 | D:3      | Reached skill level 4 in Axes
  1609 | D:3      | Killed Robin
  1780 | D:3      | Reached skill level 5 in Axes
  1780 | D:3      | Reached XP level 5. HP: 38/47 MP: 5/5
  1949 | D:3      | Found a sparkling altar of Nemelex Xobeh.
  1952 | D:3      | Found a stormy altar of Qazlal.
  1958 | D:3      | Found an ornate altar of the Wu Jian Council.
  1960 | D:3      | Found a glowing golden altar of the Shining One.
  1968 | D:3      | Found a radiant altar of Vehumet.
  1971 | D:3      | Found a bloodstained altar of Trog.
  2491 | D:4      | Reached skill level 6 in Axes
  2491 | D:4      | Reached XP level 6. HP: 19/53 MP: 6/6
  2812 | D:4      | Reached skill level 7 in Axes
  2964 | D:4      | Reached XP level 7. HP: 57/60 MP: 7/7
  3007 | D:4      | Reached skill level 5 in Fighting
  3169 | D:4      | Reached skill level 8 in Axes
  3326 | D:4      | Found a staircase to the Ecumenical Temple.
  3958 | D:4      | Reached XP level 8. HP: 63/68 MP: 8/8
  4230 | D:5      | Noticed Edmund
  4251 | D:5      | Killed Edmund
  4252 | D:5      | Reached skill level 1 in Throwing
  4252 | D:5      | Reached skill level 5 in Armour
  4252 | D:5      | Reached skill level 1 in Evocations
  4669 | D:5      | Found a runed translucent door.
  4670 | D:5      | Noticed Crazy Yiuf
  4678 | D:5      | Killed Crazy Yiuf
  4679 | D:5      | Reached skill level 1 in Maces & Flails
  5294 | D:5      | Found a shimmering blue altar of Sif Muna.
  5364 | Temple   | Entered the Ecumenical Temple
  5386 | Temple   | Became a worshipper of Gozag Ym Sagoz the Greedy
  5808 | D:6      | Reached skill level 5 in Shields
  5949 | D:6      | Reached XP level 9. HP: 34/75 MP: 9/9
  5972 | D:6      | Reached skill level 1 in Stealth
  6318 | D:6      | Noticed Dowan
  6319 | D:6      | Noticed Duvessa
  6338 | D:6      | Killed Duvessa
  6339 | D:6      | Reached skill level 5 in Maces & Flails
  6340 | D:6      | Killed Dowan
  6341 | D:6      | Reached skill level 1 in Dodging
  8265 | D:7      | Reached XP level 10. HP: 35/86 MP: 10/10
  8853 | D:8      | Found Kon Hieb's Magic Scroll Shop.
  8857 | D:8      | Noticed Psyche
  8868 | D:8      | Killed Psyche
  8897 | D:8      | Bought 2 scrolls of enchant weapon for 240 gold pieces
  8897 | D:8      | Bought a scroll of brand weapon for 152 gold pieces
  8897 | D:8      | Bought a scroll of immolation for 64 gold pieces
  8897 | D:8      | Bought a scroll of magic mapping for 120 gold pieces
  8897 | D:8      | Bought a scroll of enchant weapon for 120 gold pieces
  8897 | D:8      | Bought a scroll of identify for 32 gold pieces
  8897 | D:8      | Bought a scroll of immolation for 64 gold pieces
  9197 | D:8      | Found a staircase to the Lair.
  9277 | D:8      | Reached skill level 9 in Axes
  9516 | D:9      | Noticed Erolcha
  9534 | D:9      | Killed Erolcha
  9535 | D:9      | Reached skill level 5 in Throwing
  9689 | D:9      | Reached skill level 10 in Axes
  9689 | D:9      | Reached XP level 11. HP: 35/94 MP: 11/11
  9972 | D:9      | Noticed a cyclops
  9972 | D:9      | Noticed a boulder beetle
 10112 | D:9      | Killed a cyclops
 10113 | D:9      | Reached skill level 5 in Evocations
 10141 | D:9      | Killed a boulder beetle
 10668 | D:10     | Entered Level 10 of the Dungeon
 10712 | D:10     | Found Riennascho's Distillery.
 10731 | D:10     | Found a staircase to the Orcish Mines.
 10751 | D:10     | Found a flagged portal.
 10757 | D:10     | HP: 3/95 [wyvern (6)]
 10759 | D:10     | HP: 1/95 [wyvern (21)]
 10759 | D:10     | Demolished by a wyvern

Illustrated notes

Levels and vault maps discovered:
D:1:      dpeg_arrival_refuge, layout_loops_ring,
          ebering_ecumenical_altar_petrified, chequers_decorated_corner
D:2:      layout_basic, chequers_serial_rivers_micro_c
D:3:      layout_basic, nicolae_overflow_hallway_of_the_gods,
          amcnicky_altar_gilded, uniq_robin
D:4:      old_forge, layout_loops_corners, minmay_temple_entry_from_below_a
D:5:      layout_loops_corners, general_overflow_altar, roderic_lattice_a,
          kennysheep_another_room, uniq_crazy_yiuf_cottage, uniq_edmund
D:6:      cheibrodos_steamvent, layout_loops_ring, uniq_duvessa
D:7:      layout_basic, serial_demonic, serial_demonic_g, serial_demonic_e,
          serial_demonic_d, serial_demonic_d
D:8:      layout_cave_pools, lair_entry_dummy, serial_shops, shop, uniq_psyche
D:9:      layout_cave_pools, uniq_erolcha
D:10:     layout_basic, minmay_orc_entry_temple_small, enter_bailey_2,
          serial_shops, nicolae_lakefront_shop, shop, uniq_josephine
Temple:   dpeg_chambers_temple

Skill      XL: |  1  2  3  4  5  6  7  8  9 10 11 |
---------------+----------------------------------+-----
Fighting       | 4 5 6 7 8 |  8.6
Axes           | 3 5 6 7 8 10 | 10.5
Armour         | 4 5 6 7 |  7.5
Shields        | 4 5 6 |  6.5
Throwing       | 2 3 5 |  5.1
Evocations     | 2 3 4 5 |  5.2
Maces & Flails | 3 6 7 |  7.6
Stealth        | 1 |  1.4
Dodging        | 1 |  1.6

Action                   |  1- 3 |  4- 6 |  7- 9 | 10-12 || total
-------------------------+-------+-------+-------+-------++-------
Melee: War axe           |   105 |   114 |   102 |       ||   321
       Flail             |       |       |   290 |    69 ||   359
       Broad axe         |       |       |       |   115 ||   115
Throw: Boomerang         |     1 |       |    14 |    23 ||    38
Evoke: Wand              |       |       |     4 |    13 ||    17
  Use: Scroll            |     4 |     1 |     5 |    15 ||    25
       Potion            |       |     1 |     1 |     2 ||     4
 Stab: Held in net/web   |       |       |     1 |       ||     1
       Distracted        |       |       |     2 |     2 ||     4
Armor: Scale mail        |     4 |       |       |       ||     4
       Chain mail        |    76 |    63 |   298 |    92 ||   529
Dodge: Dodged            |    39 |    37 |   159 |    96 ||   331
Block: Buckler           |    27 |    39 |   128 |    57 ||   251
